 Dungeon Crawl Stone Soup version 0.21.1-1-g345015f (webtiles) character file.

588 teukkam the Ruffian (level 7, -7/72 HPs)
             Began as a Troll Monk on July 6, 2018.
             Mangled by an orc warrior
             ... wielding a +0 scimitar
              (18 damage)
             ... on level 5 of the Dungeon.
             The game lasted 00:06:06 (1025 turns).

teukkam the Ruffian (Troll Monk)                    Turns: 1025, Time: 00:06:07

Health: -7/72      AC:  5    Str: 24    XL:     7   Next: 15%
Magic:  6/6        EV: 10    Int:  6    God:
Gold:   72         SH:  0    Dex: 12    Spells: 6/6 levels left

rFire    . . .     SeeInvis .     - Unarmed
rCold    . . .     Gourm    +   (no shield)
rNeg     . . .     Faith    .   a - +0 robe
rPois    .         Spirit   .   (helmet restricted)
rElec    .         Reflect  .   (no cloak)
rCorr    .         Harm     .   (gloves unavailable)
MR       .....                  (boots unavailable)
Stlth    +.........             (no amulet)
HPRegen  0.62/turn              (no ring)
MPRegen  0.10/turn              (no ring)

@: no status effects
A: large, unfitting armour, antennae 1, claws 3, hooves 1, fast metabolism 3,
gourmand, mutation resistance 1, regeneration 1, shaggy fur 1, strong 1, tough
skin 2
a: no special abilities


You were on level 5 of the Dungeon.
You were very full.

You visited 1 branch of the dungeon, and saw 6 of its levels.

You collected 72 gold pieces.

Inventory:

Hand Weapons
 k - a +2 shortbow of velocity
Missiles
 l - 11 arrows
Armour
 a - a +0 robe (worn)
Scrolls
 g - a scroll of teleportation {unknown}
 i - a scroll of magic mapping {unknown}
 m - 2 scrolls of identify {unknown}
Potions
 h - a potion of mutation
Comestibles
 b - 6 rations
 j - 4 chunks of flesh


   Skills:
 + Level 5.1 Fighting
 - Level 2.5 Dodging
 - Level 1.1 Stealth
 + Level 6.1 Unarmed Combat


You had 6 spell levels left.
You didn't know any spells.

Dungeon Overview and Level Annotations

Branches:
Dungeon (6/15)             Temple (0/1) D:6

Altars:

Annotations:
D:6 nicolaieve's ghost, novice MiBe


Innate Abilities, Weirdness & Mutations

You are too large for most types of armour.
You have claws for hands.
Your metabolism is lightning-fast.
You like to eat raw meat.
Your natural rate of healing is unusually fast.
You are covered in fur. (AC +1)
You have very tough skin. (AC +2)
You have a pair of small antennae on your head.
You have large cloven feet.
You are somewhat resistant to further mutation.
Your muscles are strong. (Str +2)


Message History

* * * LOW HITPOINT WARNING * * *
The hound skeleton bites you.
* * * LOW HITPOINT WARNING * * *
As you read the scroll labeled OREGEASHIUN, it crumbles to dust.
You feel blessed for a moment.
It was a scroll of remove curse.
The orc wizard mumbles some strange words.
The orc wizard blinks!
The orc warrior barely misses you. The hound skeleton bites you.
* * * LOW HITPOINT WARNING * * *
You completely miss the orc warrior.
The orc warrior is moderately wounded.
The hound skeleton bites you but does no damage.
The orc warrior hits you with a scimitar!
* * * LOW HITPOINT WARNING * * *
As you read the scroll labeled ATUALL WAEDO, it crumbles to dust.
It is a scroll of amnesia.
You feel forgetful for a moment.
The hound skeleton bites you but does no damage.
The orc warrior hits you with a scimitar!!
You die...

.# .. .# .# .#
.#######.####..
......ยง.Z..<..#
....o..@o..#
#########..# .#
#


You could see an orc warrior, an orc wizard and a hound skeleton.

Vanquished Creatures
  2 phantoms
  A centaur (D:6)
  An ogre (D:5)
  A crimson imp (D:6)
  An orc priest (D:4)
  An orc wizard (D:4)
  2 worker ants (D:4)
  A hound skeleton (D:5)
  3 gnolls (D:4)
  A howler monkey skeleton (D:6)
  2 adders
  A shadow imp (D:6)
  An ooze (D:4)
  An adder skeleton (D:5)
  A dart slug (D:1)
  4 orcs (D:4)
  A hobgoblin (D:2)
  2 jackals (D:1)
  A quokka (D:5)
  2 bats
  A frilled lizard (D:4)
  A jackal skeleton (D:4)
  2 kobolds
  A quokka zombie (D:6)
35 creatures vanquished.

Notes
Turn   | Place    | Note
-------+----------+-------------------------------------------
     0 | D:1      | teukkam the Troll Monk began the quest for the Orb.
     0 | D:1      | Reached XP level 1. HP: 22/22 MP: 0/0
    95 | D:2      | Reached XP level 2. HP: 29/29 MP: 1/1
   321 | D:4      | Noticed a phantom
   366 | D:4      | Killed a phantom
   366 | D:4      | Reached skill level 4 in Unarmed Combat
   366 | D:4      | Reached XP level 3. HP: 24/37 MP: 2/2
   366 | D:4      | Reached XP level 4. HP: 29/45 MP: 3/3
   461 | D:4      | Reached XP level 5. HP: 52/54 MP: 4/4
   684 | D:4      | Reached skill level 5 in Unarmed Combat
   756 | D:5      | Entered Level 5 of the Dungeon
   762 | D:5      | Reached XP level 6. HP: 62/62 MP: 5/5
   867 | D:6      | Reached skill level 5 in Fighting
   867 | D:6      | Reached skill level 6 in Unarmed Combat
   867 | D:6      | Reached XP level 7. HP: 42/72 MP: 6/6
   950 | D:6      | Noticed nicolaieve's ghost (novice MiBe)
   963 | D:6      | Found a staircase to the Ecumenical Temple.
  1009 | D:6      | Gained mutation: Your muscles are strong. (Str +2) [potion of mutation]
  1009 | D:6      | Gained mutation: You are somewhat resistant to further mutation. [potion of mutation]
  1009 | D:6      | Gained mutation: You have a pair of small antennae on your head. [potion of mutation]
  1009 | D:6      | Gained mutation: You have large cloven feet. [potion of mutation]
  1025 | D:5      | Mangled by an orc warrior

Skill      XL: |  1  2  3  4  5  6 |
---------------+-------------------+-----
Fighting       | 3 4 5 |  5.1
Unarmed Combat | 4 5 6 |  6.1
Dodging        | |  2.5
Stealth        | |  1.1

Action                   |  1- 3 |  4- 6 |  7- 9 || total
-------------------------+-------+-------+-------++-------
Melee: Unarmed           |    48 |    78 |    20 ||   146
       Punch             |     1 |     5 |     1 ||     7
 Fire: Shortbow          |       |     2 |     2 ||     4
  Use: Potion            |       |     1 |     2 ||     3
       Scroll            |       |       |     3 ||     3
  Eat: Chunk             |     5 |     8 |     1 ||    14
Armor: Robe              |    17 |    20 |     7 ||    44
Dodge: Dodged            |    24 |    29 |    16 ||    69
